[Event "RUS-chT Blitz Women 2018"]
[Site "Sochi"]
[Date "2018.10.10"]
[Round "9"]
[White "Kovanova, Baira"]
[Black "Faizutdinova, Diana"]
[Result "1-0"]
[ECO "A05"]
[WhiteElo "2350"]
[BlackElo "2061"]
[Annotator "RC"]
[PlyCount "53"]
[EventDate "2018.10.10"]
[EventType "swiss"]
[EventCountry "RUS"]
[SourceTitle "playchess.com"]
[Source "ChessBase"]
[SourceQuality "1"]
[TimeControl "180+2"]

1. Nf3 Nf6 2. g3 g6 3. Bg2 Bg7 4. O-O O-O 5. d3 d5 6. Nbd2 c6 7. e4 dxe4 8. dxe4 h6 9. Qe2 Be6 10. Nb3 a5 11. Nbd4 Bc8 12. e5 Nd5 13. c3 e6 14. Re1 Qc7 15. h4 b6 16. c4 Ne7 17. Bf4 Ba6 18. Qc2 Nf5 19. Nxf5 gxf5 20. Nd4 Rd8 21. Nb5 Qe7 22. Nd6 Ra7 23. Qc3 Rad7 24. Qe3 c5 25. Bxh6 Rxd6 26. exd6 Bd4 27. dxe7 1-0